 Seeded DCSS version 0.25.1-8-g42b30a86e7 (webtiles) character file.

Game seed: 20201210 (custom seed)

3428 radhat240 the Unseen (level 9, -3/44 HPs)
             Began as a Spriggan Assassin on Dec 15, 2020.
             Was a High Priest of Dithmenos.
             Slain by an orc warrior
             ... wielding a +3 vorpal mace
              (27 damage)
             ... in a bailey.
             The game lasted 00:44:59 (8527 turns).

radhat240 the Unseen (Spriggan Assassin)            Turns: 8527, Time: 00:45:00

Health: -3/44      AC:  7    Str: 11    XL:     9   Next: 76%
Magic:  12/12      EV: 22    Int: 12    God:    Dithmenos [*****.]
Gold:   351        SH:  0    Dex: 18    Spells: 10/11 levels left

rFire    + . .     SeeInvis +   p - +8 dagger "Nayrioqem" {elec, rElec rN+++ Str-5 Stlth+}
rCold    . . .     Gourm    .   (shield restricted)
rNeg     + + +     Faith    .   b - +2 robe
rPois    .         Spirit   .   (helmet restricted)
rElec    +         Reflect  .   c - +2 cloak
rCorr    .         Harm     .   (gloves unavailable)
MR       +....                  (boots unavailable)
Stlth    ++++++++++             l - amulet of regeneration
HPRegen  0.54/turn              q - +6 ring of strength
MPRegen  0.13/turn              v - ring of protection from fire

@: very slightly contaminated, wreathed by umbra, very quick
A: very small, unfitting armour, see invisible, herbivore, speed 3, slow
metabolism 2
a: Shadow Step, Shadow Form, Renounce Religion


You were in a bailey.
You worshipped Dithmenos.
Dithmenos was extremely pleased with you.
You were very hungry.

You visited 1 branch of the dungeon, and saw 8 of its levels.
You also visited: Sewer and Bailey.

You collected 351 gold pieces.

Inventory:

Hand Weapons
 a - a +2 dagger
 n - a +4 dagger
 p - the +8 dagger "Nayrioqem" (weapon) {elec, rElec rN+++ Str-5 Stlth+}
   (You found it on level 5 of the Dungeon)

   Occasionally, upon striking a foe, it will discharge some electrical energy
   and cause terrible harm.
   It affects your strength (-5).
   It insulates you from electricity.
   It renders you almost immune to negative energy.
   It makes you more stealthy.
Missiles
 d - 49 poisoned darts (quivered)
 e - 2 curare-tipped darts
 h - 11 atropa-tipped darts
Armour
 b - a +2 robe (worn)
 c - a +2 cloak (worn)
Jewellery
 j - an uncursed amulet of faith {unknown}
 l - an amulet of regeneration (around neck)
 q - a +6 ring of strength (left hand)
 v - a ring of protection from fire (right hand)
Scrolls
 g - a scroll of noise
 m - 4 scrolls of amnesia
 o - 2 scrolls of fear
 s - 7 scrolls of teleportation
 u - 4 scrolls of remove curse
 w - 3 scrolls of blinking
 x - a scroll of immolation {unknown}
 y - 2 scrolls of magic mapping {unknown}
 C - 2 scrolls of enchant weapon {unknown}
Potions
 i - a potion of brilliance {unknown}
 r - a potion of ambrosia {unknown}
 t - 2 potions of curing {unknown}
 z - 4 potions of haste {unknown}
 A - 2 potions of magic {unknown}
 B - 3 potions of might {unknown}
 D - a potion of heal wounds {unknown}
Comestibles
 f - 21 rations


   Skills:
 + Level 3.0 Fighting
 * Level 8.1 Short Blades
 + Level 2.5 Throwing
 * Level 6.5 Dodging
 * Level 15.7 Stealth
 + Level 1.5 Spellcasting
 + Level 2.0 Translocations


You had 10 spell levels left.
You knew the following spells:

 Your Spells              Type           Power        Failure   Level  Hunger
a - Apportation           Tloc           #.....       12%         1    ##.....

Your spell library contained the following spells:

 Spells                   Type           Power        Failure   Level  Hunger
 Animate Skeleton         Necr           N/A          28%         1    ##.....
 Corona                   Hex            #......      28%         1    ##.....
 Summon Small Mammal      Summ           #...         28%         1    ##.....


Dungeon Overview and Level Annotations

Branches:
Dungeon (8/15)             Temple (0/1) D:6           Sewer (visited)
 Bailey (1/1)
   Lair: D:8-11

Altars:
Ashenzari
Dithmenos
Elyvilon
Kikubaaqudgha
Ru
Trog
Vehumet
Yredelemnul

Annotations:
D:7 Harold


Innate Abilities, Weirdness & Mutations

You are very small and have problems with some larger weapons.
You are too small for most types of armour.
You have supernaturally acute eyesight. (SInv)
You are a herbivore.
You cover ground extremely quickly.
You need to consume almost no food.


Message History

Blink to where?
Press: ? - help, Dir - move target cursor You are very lightly contaminated with residual magic.
As you read the scroll labeled AFISYJ ABLAHU, it crumbles to dust.
It was a scroll of blinking.
The orc knight roars a battlecry!
The orc warlord goes into a battle-frenzy!
There is an open door here.
Things that are here:
a +0 hand axe; a +0 leather armour
There is a fountain of clear blue water here.
The orc knight roars a battlecry!
The orc warrior goes into a battle-frenzy!
There is a gate leading back out of this place here.
The orc knight no longer looks unusually strong.
The orc warlord roars a battlecry!
The orc knight goes into a battle-frenzy!
The orc warrior hits you with a +3 vorpal mace!!
Ouch! That really hurt!
You die...

...........#
...........#
#.......))###
###.....#'#.###
..###.###.....###
....###.........##
§...##8..........#
§....#8..........#
§...o')...o⌠....@#
.§...#8........o.#
§...##8......o...#
....###.....)...##
..###.###))...###
###.....#)#)###
#........)###
...........#
)........).#


You could see an orc warlord (strong), an orc knight (strong) and an orc warrior
(strong).

Vanquished Creatures
  Pikel (D:5)
  Joseph (D:8)
  A hippogriff (D:7)
  An ice beast (D:5)
  8 orc warriors
  A black bear (D:7)
  2 ogres
  A centaur (D:6)
  2 bullfrogs
  4 killer bees (D:6)
  4 crimson imps
  A jelly (D:5)
  A quasit (D:7)
  2 hounds (D:5)
  2 orc priests
  A bullfrog skeleton (D:5)
  4 orc wizards
  An iguana (D:5)
  5 worker ants
  10 gnolls
  8 adders
  A shadow imp (D:7)
  An ooze (D:2)
  2 adder skeletons
  5 worms
  4 dart slugs
  5 leopard geckos
  26 orcs
  6 ball pythons (Sewer)
  6 bats
  8 giant cockroaches
  22 goblins
  34 hobgoblins
  8 jackals
  13 kobolds
  8 frilled lizards
  A leopard gecko skeleton (D:5)
  12 rats
  4 plants (Sewer)
227 creatures vanquished.

Notes
Turn   | Place    | Note
-------+----------+-------------------------------------------
     0 | D:1      | radhat240 the Spriggan Assassin began the quest for the
                  | Orb.
     0 | D:1      | Reached XP level 1. HP: 10/10 MP: 2/2
   107 | D:2      | Reached skill level 6 in Stealth
   107 | D:2      | Reached XP level 2. HP: 8/14 MP: 3/3
   234 | D:2      | Found a shadowy altar of Dithmenos.
   236 | D:2      | Found a basalt altar of Yredelemnul.
   236 | D:2      | Found a radiant altar of Vehumet.
   248 | D:2      | Became a worshipper of Dithmenos the Shadowed
   460 | D:5      | Entered Level 5 of the Dungeon
   508 | D:5      | Got a faintly glowing dagger
   509 | D:5      | Identified the +8 dagger "Nayrioqem" {elec, rElec rN+++
                  | Str-5 Stlth+} (You found it on level 5 of the Dungeon)
   606 | D:5      | Noticed a slave
   650 | D:5      | Noticed a slave
   677 | D:5      | Noticed a slave
   679 | D:5      | Noticed Pikel
   680 | D:5      | Noticed a slave
   773 | D:5      | Reached skill level 7 in Stealth
   773 | D:5      | Reached XP level 3. HP: 18/18 MP: 4/4
   855 | D:5      | Reached XP level 4. HP: 15/23 MP: 5/5
   858 | D:5      | Reached skill level 8 in Stealth
   875 | D:5      | Reached XP level 5. HP: 22/26 MP: 6/6
   939 | D:5      | Noticed an ice beast
  1313 | D:1      | Reached * piety under Dithmenos
  1352 | D:1      | Reached skill level 9 in Stealth
  2003 | D:2      | Reached ** piety under Dithmenos
  2301 | D:3      | Reached XP level 6. HP: 23/30 MP: 7/7
  3104 | D:4      | Noticed a moth of wrath
  3107 | D:4      | Found a bloodstained altar of Trog.
  3178 | D:4      | Reached skill level 10 in Stealth
  3606 | D:5      | Killed an ice beast
  3606 | D:5      | Reached skill level 11 in Stealth
  3606 | D:5      | Reached XP level 7. HP: 35/35 MP: 8/8
  3818 | D:5      | Killed Pikel
  3818 | D:5      | Reached skill level 5 in Short Blades
  3818 | D:5      | Reached skill level 12 in Stealth
  3818 | D:5      | Reached XP level 8. HP: 19/39 MP: 9/9
  4183 | D:6      | Found a staircase to the Ecumenical Temple.
  4215 | D:6      | Found a glowing drain.
  4227 | D:6      | Reached *** piety under Dithmenos
  4242 | Sewer    | Entered a sewer
  4984 | D:6      | Found a shattered altar of Ashenzari.
  5106 | D:6      | Reached skill level 13 in Stealth
  5293 | D:6      | Reached skill level 5 in Dodging
  5357 | D:6      | Learned a level 1 spell: Apportation
  5454 | D:6      | Found an ancient bone altar of Kikubaaqudgha.
  5580 | D:6      | Reached **** piety under Dithmenos
  5787 | D:7      | Noticed Harold
  5892 | D:7      | Noticed a hippogriff
  5899 | D:7      | Killed a hippogriff
  5899 | D:7      | Reached skill level 14 in Stealth
  5899 | D:7      | Reached skill level 1 in Translocations
  5899 | D:7      | Reached XP level 9. HP: 43/43 MP: 9/11
  6479 | D:7      | Reached skill level 1 in Spellcasting
  6519 | D:7      | Found a sacrificial altar of Ru.
  6565 | D:7      | Found a white marble altar of Elyvilon.
  7655 | D:8      | Noticed Joseph
  7656 | D:8      | Killed Joseph
  7681 | D:8      | Found a flagged portal.
  7681 | D:8      | Noticed a two-headed ogre
  7682 | D:8      | Noticed a two-headed ogre
  7691 | Bailey   | Entered a bailey
  7762 | Bailey   | Reached skill level 15 in Stealth
  8033 | Bailey   | Reached ***** piety under Dithmenos
  8136 | Bailey   | Noticed an orc knight
  8136 | Bailey   | Noticed an orc warlord
  8136 | Bailey   | Noticed an orc knight
  8399 | Bailey   | Identified the ring of Keihuv {MR++ MP+9}
  8527 | Bailey   | Slain by an orc warrior

Illustrated notes

Levels and vault maps discovered:
D:1:      dpeg_arrival_snail, layout_basic
D:2:      layout_basic, chequers_temple_overflow_statue_of_worship,
          minmay_hedge_maze, minmay_misc_feat_five
D:3:      layout_basic
D:4:      layout_loops_ring, tgw_trog, first_ration, minmay_distorted
D:5:      layout_basic, kennysheep_nub, minmay_fractal_squares_diagonal_5,
          uniq_pikel
D:6:      layout_loops_ring, kennysheep_mini_moat,
          minmay_temple_entry_overgrown, gup_sewer_entry_glass,
          cheibrodos_ashenzari_chains
D:7:      layout_layer_cave, nicolae_overflow_crystal_walls,
          lemuel_doored_altar, uniq_harold
D:8:      layout_rooms, enter_bailey_6, uniq_joseph
Bailey:   bailey_axe_minmay_hex_keep, bailey

Skill      XL: |  1  2  3  4  5  6  7  8  9 |
---------------+----------------------------+-----
Stealth        | 6 7 8 9 11 12 14 15 | 15.7
Short Blades   | 3 4 5 7 8 |  8.1
Dodging        | 2 3 5 6 |  6.5
Fighting       | 2 3 |  3.0
Translocations | 1 2 |  2.0
Spellcasting   | 1 |  1.5
Throwing       | |  2.5

Action                   |  1- 3 |  4- 6 |  7- 9 || total
-------------------------+-------+-------+-------++-------
Melee: Dagger            |    32 |   163 |   332 ||   527
Throw: Dart              |     1 |       |       ||     1
 Cast: Apportation       |       |       |     7 ||     7
  Use: Scroll            |       |       |    11 ||    11
 Stab: Sleeping          |     2 |    32 |    23 ||    57
       Distracted        |       |     5 |     8 ||    13
  Eat: Ration            |       |       |     2 ||     2
Armor: Robe              |     2 |    11 |    11 ||    24
Dodge: Dodged            |    18 |   119 |   185 ||   322
